AoeStats
← MalteDerBaer

Arabia

510136115Analyzed
2v2 RM · 23h ago on Sep 29, 2026· 50m 7s· 4 players
Game mode
Random Map
Map size
Medium (4 player)
Population
200
Speed
Normal
Resources
Standard
Victory
Conquest
Starting age
Dark Age
Ending age
Imperial Age
RankedLock teamsTeams togetherTeam positionsShared explorationLock speedFull tech treeHidden civsTurbo modeCheats
Victory
Defeat
🇩🇪 Lithuanians · Germany
1104
+17
🇩🇪 Inca · Germany
1080
+17
🇩🇪 Ethiopians · Germany
1125
-17
🇩🇪 Burgundians · Germany
1112
-17
FlyDutch1
9:24 Feudal Age
7:39 Loom
9:59 Double-Bit Axe
13:17 Horse Collar
13:57 Fletching
22:16 Castle Age
20:32 Scale Barding Armor
20:56 Forging
23:10 Bloodlines
23:44 Husbandry
25:03 Bow Saw
27:17 Wheelbarrow
26:17 Light Cavalry
28:42 Hand Cart
30:43 Chain Barding Armor
31:30 Town Watch
34:47 Iron Casting
34:08 Gold Mining
37:56 Imperial Age
36:31 Town Patrol
38:08 Cavalier
39:29 Plate Barding Armor
41:20 Conscription
46:16 Elite Skirmisher
46:55 Bodkin Arrow
47:01 Padded Archer Armor
47:22 Winged Hussar
48:58 Tower Shields
49:06 Thumb Ring
49:26 Ballistics
49:54 Bracer
51:02 Chemistry
MalteDerBaer
8:08 Loom
11:23 Feudal Age
11:30 Champi Runner
16:26 Double-Bit Axe
19:16 Wheelbarrow
23:16 Castle Age
21:53 Scale Mail Armor
21:48 Horse Collar
22:01 Stone Mining
22:42 Forging
23:12 Gold Mining
24:34 Champi Warrior
24:35 Pikeman
26:00 Hand Cart
25:35 Arson
25:51 Squires
27:42 Town Watch
29:10 Sanctity
28:53 Devotion
28:42 Champi Warrior
29:38 Bow Saw
33:57 Chain Mail Armor
35:24 Iron Casting
36:14 Fletching
36:49 Ballistics
36:53 Bodkin Arrow
42:16 Imperial Age
42:41 Elite Kamayuk
43:42 Conscription
43:09 Capped Ram
45:03 Chemistry
46:54 Plate Mail Armor
47:24 Blast Furnace
47:44 Fabric Shields
Baumewok
6:41 Loom
9:57 Feudal Age
11:15 Double-Bit Axe
19:47 Horse Collar
22:57 Fletching
23:08 Padded Archer Armor
26:29 Castle Age
25:19 Gold Mining
25:22 Stone Mining
27:07 Crossbowman
27:52 Thumb Ring
28:26 Bodkin Arrow
30:11 Wheelbarrow
29:50 Bow Saw
29:51 Heavy Plow
32:53 Scale Mail Armor
34:02 Ballistics
34:36 Hand Cart
34:06 Town Watch
34:56 Leather Archer Armor
34:56 Chain Mail Armor
40:56 Imperial Age
38:39 Forging
38:33 Squires
38:19 Arson
40:51 Iron Casting
41:14 Town Patrol
41:45 Bracer
42:51 Arbalester
47:55 Halberdier
49:31 Plate Mail Armor
50:27 Conscription
Haitatchi
6:20 Loom
6:56 Loom
9:54 Feudal Age
9:38 Horse Collar
9:45 Double-Bit Axe
10:50 Bow Saw
11:08 Bow Saw
11:42 Heavy Plow
13:20 Wheelbarrow
23:55 Castle Age
22:54 Scale Barding Armor
23:00 Forging
22:45 Gold Mining
22:46 Stone Mining
23:30 Hand Cart
23:03 Town Watch
25:06 Man-at-Arms
26:16 Long Swordsman
27:19 Chain Barding Armor
27:35 Iron Casting
27:00 Scale Mail Armor
27:44 Cavalier
28:24 Husbandry
27:45 Light Cavalry
30:15 Gold Shaft Mining
30:15 Stone Shaft Mining
29:14 Pikeman
29:55 Squires
31:30 Stone Shaft Mining
31:37 Town Patrol
33:12 Crop Rotation
33:47 Two-Man Saw
34:03 Burgundian Vineyards
40:55 Imperial Age
41:18 Paladin
42:37 Plate Barding Armor
42:40 Hussar
47:41 Conscription
Connection lost

Rejoining the realm…

Still unreachable

The connection could not be restored.

Session expired

The server has moved on; the page needs a fresh start.